 Dungeon Crawl Stone Soup version 0.31.0-11-ge490571c62 (webtiles) character file.

Game seed: 3031831496705681379

83 sanka the Chopper (level 4, 36/36 HPs)
             Began as a Hill Orc Fighter on Jan 27, 2024.
             Was a Follower of Hepliaklqana.
             Quit the game on level 2 of the Dungeon.
             The game lasted 00:01:13 (1080 turns).

sanka the Chopper (Hill Orc Fighter)                Turns: 1080, Time: 00:01:13

Health: 36/36      AC:  6    Str: 18    XL:     4   Next: 44%
Magic:  4/4        EV:  9    Int:  8    God:    Hepliaklqana [*.....]
Gold:   67         SH:  4    Dex: 12    Spells: 3/3 levels left

rFire   . . .        a - +0 war axe
rCold   . . .        c - +0 buckler
rNeg    . . .        b - +0 scale mail
rPois   .            (no helmet)
rElec   .            (no cloak)
rCorr   .            (no gloves)
SInv    .            (no boots)
Will    .....        (no amulet) Stlth
                     (no ring)
HPRegen 0.26/turn    (no ring)
MPRegen 0.09/turn

%: no passive effects
@: no status effects
A: reduced essence
a: Renounce Religion, Recall Ancestor, Ancestor Identity


You were on level 2 of the Dungeon.
You worshipped Hepliaklqana.
Hepliaklqana was aware of your devotion.
You visited 1 branch of the dungeon, and saw 2 of its levels.

You collected 67 gold pieces.


   Skills:
 - Level 4.0 Fighting
 + Level 5.8 Axes
 - Level 3.2 Armour
 - Level 3.2 Shields


You had 3 spell levels left.
You didn't know any spells.
Your spell library was empty.

Inventory:

Hand Weapons
 a - a +0 war axe (weapon)
Armour
 b - a +0 scale mail (worn)
 c - a +0 buckler (worn)
Scrolls
 e - a scroll of poison {unknown}
 f - a scroll of enchant weapon {unknown}
Potions
 d - a potion of might
 g - a potion of heal wounds {unknown}
 h - a potion of resistance {unknown}

Dungeon Overview and Level Annotations

Branches:
Dungeon (2/15)

Altars:
Hepliaklqana

▒▒▒▒▒ ▒...
▒▒▒▒▒▒▒▒▒▒.▒▒▒▒▒▒
▒▒▒▒▒▒................
.......▒▒▒▒▒.†.....▒▒
.▒▒▒▒▒.▒ ▒...)......▒
.▒▒▒▒▒.▒ ▒.▒...8.8R.▒
....▒▒.▒▒▒.▒▒.8.8.8.▒
.▒▒.▒...▒▒.▒▒..8o8..▒
...........▒▒.8.8.8(▒▒
........▒▒▒▒▒..8.8...▒
.▒▒.▒▒.▒▒▒▒ ▒........▒
..........▒▒▒..▒..▒▒.▒
.▒▒.▒▒...............▒
▒▒▒.▒▒...........▒▒. ▒
▒ ▒.▒......▒▒.▒▒▒▒ ▒
▒.......▒...▒


You could see the friendly Nozipho the ancestor.


Message History

h - an orange potion A goblin and a hobgoblin come into view.
The goblin shouts!
The hobgoblin shouts!
There are monsters nearby!
You block the hobgoblin's attack.
You hit the hobgoblin.
The hobgoblin is almost dead.
You closely miss the goblin. The hobgoblin hits you.
The goblin hits you with a +0 club.
You slash the hobgoblin!
You kill the hobgoblin!
You barely miss the goblin. The goblin hits you but does no damage.
You block the goblin's attack.
You hit the goblin.
You kill the goblin!
No target in view!
No target in view!
No target in view!
You see here a +0 club.
There is a faded altar of an unknown god here.
This altar belongs to (a) Hepliaklqana, (b) the Shining One or (c) Uskayaw, but you can't tell which.
Press the corresponding letter to learn more about a god, or press enter to convert or escape to cancel.
Hepliaklqana accepts your prayer! Hepliaklqana welcomes you!
Hepliaklqana forms a fragment of your life essence into the memory of your ancestor, Nozipho!
You can now recall your ancestor.
You can now remember your ancestor's identity.
Are you sure you want to abandon this character and quit the game? (Confirm with "yes".)

Action                     |  1- 3 |  4- 6 || total
---------------------------+-------+-------++-------
  Melee: War axe           |    64 |     9 ||    73
 Armour: Scale mail        |    46 |     7 ||    53
  Dodge: Dodged            |    41 |     3 ||    44
  Block: Buckler           |    22 |     4 ||    26

Levels and vault maps discovered:
D:1:      dpeg_arrival_simpleton_b, layout_basic
D:2:      layout_loops_ring, chequers_ecumenical_altar_simple_redux,
          uniq_natasha

Notes
Turn   | Place    | Note
-------+----------+-------------------------------------------
     0 | D:1      | sanka the Hill Orc Fighter began the quest for the Orb.
     0 | D:1      | Reached XP level 1. HP: 19/19 MP: 1/1
   173 | D:1      | Reached skill level 3 in Axes
   264 | D:1      | Reached skill level 4 in Fighting
   264 | D:1      | Reached XP level 2. HP: 23/27 MP: 2/2
   641 | D:1      | Reached skill level 4 in Axes
   844 | D:1      | Reached XP level 3. HP: 29/33 MP: 3/3
   931 | D:2      | Noticed Natasha
   943 | D:2      | Killed Natasha
   944 | D:2      | Reached skill level 5 in Axes
   975 | D:2      | Noticed Natasha
   979 | D:2      | Killed Natasha
   980 | D:2      | Reached XP level 4. HP: 40/40 MP: 4/4
  1009 | D:2      | Found a faded altar of an unknown god.
  1079 | D:2      | Prayed at the altar of an unknown god.
  1079 | D:2      | Became a worshipper of Hepliaklqana the Forgotten
  1079 | D:2      | Reached * piety under Hepliaklqana
  1080 | D:2      | Quit the game

Vanquished Creatures
  Natasha (twice) (D:2)
  2 dart slugs (D:1)
  A ribbon worm (D:2)
  A bat (D:2)
  2 endoplasms (D:1)
  A giant cockroach (D:1)
  4 goblins
  3 hobgoblins
  3 kobolds
  2 quokkas (D:1)
  2 ball pythons
  2 frilled lizards (D:1)
  2 rats (D:1)
27 creatures vanquished.
